[ AOE2 MATCH · #507260071 ]
UnrankedRomans vs Vietnamese
Player's team · WIN
Rival team · LOSS
[ REPLAY ANALYSIS · EXTRACTED FROM THE RECORDED GAME ]
Feudal
11:31
Castle
20:12
Imperial
—
| APM avg | 61.7 |
| APM peak | 124 |
| eAPM avg | 30.0 |
| Villagers / military | 141 / 66 |
Focus
⚔️ 36.8% · 🌾 63.2%
Knight ×22 · Skirmisher ×14 · Centurion ×7 · Militia ×6 · Monk ×5 · Scorpion ×5
Feudal
8:59
Castle
22:02
Imperial
—
| APM avg | 55.8 |
| APM peak | 91 |
| eAPM avg | 23.3 |
| Villagers / military | 106 / 73 |
Focus
⚔️ 33.1% · 🌾 66.9%
Skirmisher ×29 · Archer ×12 · Knight ×11 · Scout Cavalry ×10 · Fire Lancer ×9 · Monk ×2
Match map
Initial resources + every placement click. Lines = walls · curves = elevation contours. ◆ gold · ⬟ stone · ● berries · ✦ relic · ◌ wall gap
Your base· ✓ Closed at 20:12 · 30t walls · 1 gate(s)
Nelson's base· Open — 5t gap
Smoothed initial terrain · ◌ = detected wall gap · hover for details
Inputs per minute
— flightlessbird - - Nelson
Build order — flightlessbird
First 150 of 352 actions detected
| 0:01 | Queue | Villager (Male) |
| 0:01 | Queue | Villager (Male) |
| 0:01 | Queue | Villager (Male) |
| 0:02 | Build | House |
| 0:03 | Build | House |
| 0:04 | Queue | Villager (Male) |
| 0:04 | Queue | Villager (Male) |
| 1:22 | Queue | Villager (Male) |
| 1:22 | Queue | Villager (Male) |
| 1:22 | Queue | Villager (Male) |
| 1:56 | Queue | Villager (Male) |
| 1:56 | Queue | Villager (Male) |
| 2:11 | Queue | Villager (Male) |
| 2:11 | Queue | Villager (Male) |
| 2:51 | Build | Barracks |
| 2:54 | Queue | Villager (Male) |
| 2:54 | Queue | Villager (Male) |
| 3:11 | Queue | Villager (Male) |
| 3:12 | Queue | Villager (Male) |
| 3:12 | Queue | Villager (Male) |
| 3:14 | Build | House |
| 3:47 | Queue | Militia |
| 4:04 | Queue | Villager (Male) |
| 4:07 | Queue | Militia |
| 4:16 | Build | House |
| 4:29 | Queue | Villager (Male) |
| 4:43 | Queue | Militia |
| 4:54 | Queue | Villager (Male) |
| 5:09 | Queue | Militia |
| 5:13 | Queue | Villager (Male) |
| 5:25 | Build | House |
| 5:41 | Queue | Villager (Male) |
| 6:05 | Queue | Villager (Male) |
| 6:28 | Queue | Villager (Male) |
| 6:44 | Build | Mill |
| 7:01 | Queue | Villager (Male) |
| 7:25 | Queue | Villager (Male) |
| 7:37 | Build | Farm |
| 7:42 | Build | Farm |
| 7:50 | Queue | Villager (Male) |
| 8:17 | Research | Loom |
| 8:20 | Queue | Villager (Male) |
| 8:39 | Research | Loom |
| 8:43 | Build | Lumber Camp |
| 9:20 | Build | Palisade Wall |
| 9:21 | Research | Feudal Age |
| 9:29 | Build | Palisade Wall |
| 9:48 | Build | Mining Camp |
| 9:50 | Build | Palisade Wall |
| 10:10 | Build | Palisade Wall |
| 10:18 | Build | House |
| 10:39 | Build | House |
| 10:48 | Queue | Militia |
| 10:49 | Queue | Militia |
| 10:54 | Build | Farm |
| 11:07 | Queue | Villager (Male) |
| 11:31 | Age | Feudal Age |
| 11:32 | Research | Man-at-Arms (upgrade) |
| 11:32 | Research | Man-at-Arms (upgrade) |
| 11:32 | Research | Man-at-Arms (upgrade) |
| 11:33 | Research | Double-Bit Axe |
| 11:33 | Research | Double-Bit Axe |
| 11:42 | Build | Archery Range |
| 11:45 | Queue | Villager (Male) |
| 12:08 | Queue | Villager (Male) |
| 12:09 | Build | Farm |
| 12:25 | Build | Farm |
| 12:34 | Queue | Villager (Male) |
| 12:37 | Build | Farm |
| 12:38 | Queue | Skirmisher |
| 12:55 | Build | Farm |
| 13:03 | Queue | Villager (Male) |
| 13:11 | Research | Horse Collar |
| 13:11 | Research | Horse Collar |
| 13:23 | Queue | Villager (Male) |
| 13:35 | Build | Farm |
| 13:37 | Build | Farm |
| 13:46 | Queue | Villager (Male) |
| 13:48 | Build | Farm |
| 13:54 | Build | House |
| 14:12 | Build | Farm |
| 14:17 | Queue | Villager (Male) |
| 14:25 | Build | Farm |
| 14:33 | Build | Farm |
| 14:42 | Queue | Villager (Male) |
| 14:44 | Build | Farm |
| 14:52 | Build | Farm |
| 15:12 | Queue | Villager (Male) |
| 15:14 | Build | Farm |
| 15:36 | Queue | Villager (Male) |
| 15:40 | Build | Blacksmith |
| 15:56 | Build | Mill |
| 15:57 | Build | Farm |
| 16:01 | Queue | Villager (Male) |
| 16:15 | Build | Farm |
| 16:24 | Build | Farm |
| 16:29 | Queue | Villager (Male) |
| 16:36 | Build | Farm |
| 16:48 | Build | House |
| 16:50 | Build | House |
| 16:52 | Queue | Villager (Male) |
| 16:56 | Build | House |
| 17:32 | Research | Castle Age |
| 17:37 | Queue | Skirmisher |
| 17:38 | Build | Palisade Gate |
| 17:55 | Build | Archery Range |
| 18:02 | Queue | Skirmisher |
| 18:06 | Research | Fletching |
| 18:06 | Research | Fletching |
| 18:06 | Research | Fletching |
| 18:38 | Build | House |
| 18:39 | Queue | Skirmisher |
| 18:46 | Build | House |
| 18:50 | Queue | Skirmisher |
| 18:53 | Research | Padded Archer Armor |
| 18:53 | Research | Padded Archer Armor |
| 19:01 | Build | House |
| 19:05 | Build | House |
| 19:10 | Queue | Skirmisher |
| 19:19 | Research | Town Watch |
| 19:21 | Queue | Skirmisher |
| 19:21 | Queue | Skirmisher |
| 19:51 | Queue | Spearman |
| 20:12 | Age | Castle Age |
| 20:14 | Research | Bodkin Arrow |
| 20:14 | Research | Bodkin Arrow |
| 20:15 | Research | Elite Skirmisher (upgrade) |
| 20:15 | Research | Elite Skirmisher (upgrade) |
| 20:16 | Research | Elite Skirmisher (upgrade) |
| 20:40 | Research | Wheelbarrow |
| 21:01 | Build | Town Center |
| 21:09 | Queue | Spearman |
| 21:41 | Build | Monastery |
| 21:49 | Build | House |
| 21:52 | Build | House |
| 22:02 | Queue | Villager (Male) |
| 22:02 | Queue | Villager (Male) |
| 22:22 | Queue | Villager (Male) |
| 22:29 | Queue | Monk |
| 22:30 | Queue | Villager (Male) |
| 22:34 | Build | Siege Workshop |
| 22:48 | Queue | Villager (Male) |
| 23:02 | Queue | Villager (Male) |
| 23:02 | Queue | Villager (Male) |
| 23:12 | Build | Town Center |
| 23:18 | Queue | Scorpion |
| 23:18 | Queue | Scorpion |
| 23:19 | Queue | Villager (Male) |
| 23:19 | Queue | Villager (Male) |
| 23:22 | Build | House |
Build order — Nelson
First 150 of 348 actions detected
| 0:01 | Queue | Villager (Male) |
| 0:01 | Queue | Villager (Male) |
| 0:02 | Build | House |
| 0:04 | Build | House |
| 0:24 | Queue | Villager (Male) |
| 0:24 | Queue | Villager (Male) |
| 0:24 | Queue | Villager (Male) |
| 1:23 | Queue | Villager (Male) |
| 1:24 | Queue | Villager (Male) |
| 1:45 | Build | Lumber Camp |
| 1:54 | Queue | Villager (Male) |
| 1:54 | Queue | Villager (Male) |
| 2:20 | Queue | Villager (Male) |
| 2:54 | Queue | Villager (Male) |
| 2:54 | Queue | Villager (Male) |
| 3:25 | Queue | Villager (Male) |
| 3:51 | Build | House |
| 4:01 | Queue | Villager (Male) |
| 4:01 | Queue | Villager (Male) |
| 4:02 | Queue | Villager (Male) |
| 4:33 | Build | Mill |
| 4:36 | Build | House |
| 4:42 | Queue | Villager (Male) |
| 4:43 | Queue | Villager (Male) |
| 5:11 | Queue | Villager (Male) |
| 5:22 | Queue | Villager (Male) |
| 5:44 | Research | Loom |
| 5:58 | Build | Palisade Wall |
| 6:00 | Build | Palisade Wall |
| 6:19 | Build | Palisade Wall |
| 6:21 | Build | Palisade Wall |
| 6:49 | Research | Feudal Age |
| 7:18 | Queue | Villager (Male) |
| 7:39 | Build | House |
| 8:30 | Build | Barracks |
| 8:59 | Age | Feudal Age |
| 9:03 | Queue | Villager (Male) |
| 9:24 | Queue | Villager (Male) |
| 9:39 | Research | Double-Bit Axe |
| 9:51 | Queue | Villager (Male) |
| 10:06 | Build | House |
| 10:09 | Build | House |
| 10:14 | Build | House |
| 10:26 | Queue | Villager (Male) |
| 10:33 | Build | House |
| 10:46 | Build | Archery Range |
| 10:52 | Queue | Villager (Male) |
| 11:16 | Build | Mining Camp |
| 11:22 | Queue | Villager (Male) |
| 11:22 | Queue | Villager (Male) |
| 11:35 | Queue | Archer |
| 11:35 | Queue | Archer |
| 11:44 | Queue | Villager (Male) |
| 12:08 | Queue | Archer |
| 12:08 | Queue | Archer |
| 12:14 | Queue | Villager (Male) |
| 12:18 | Build | Farm |
| 12:19 | Build | Farm |
| 12:21 | Build | Farm |
| 12:22 | Build | Farm |
| 12:27 | Build | House |
| 12:29 | Build | Palisade Wall |
| 12:33 | Build | House |
| 12:37 | Queue | Villager (Male) |
| 12:40 | Queue | Archer |
| 12:40 | Queue | Archer |
| 12:46 | Build | Farm |
| 13:05 | Queue | Archer |
| 13:09 | Queue | Villager (Male) |
| 13:19 | Build | Farm |
| 13:25 | Build | House |
| 13:31 | Queue | Villager (Male) |
| 13:44 | Build | Blacksmith |
| 13:57 | Queue | Archer |
| 14:06 | Build | Farm |
| 14:12 | Build | Farm |
| 14:14 | Queue | Villager (Male) |
| 14:19 | Queue | Archer |
| 14:25 | Build | Farm |
| 14:41 | Queue | Villager (Male) |
| 14:44 | Research | Fletching |
| 14:44 | Research | Fletching |
| 14:53 | Build | Lumber Camp |
| 14:56 | Build | House |
| 14:59 | Build | Palisade Wall |
| 15:02 | Build | Palisade Wall |
| 15:07 | Queue | Villager (Male) |
| 15:36 | Queue | Villager (Male) |
| 15:46 | Build | Farm |
| 15:48 | Build | Farm |
| 15:49 | Build | Farm |
| 15:58 | Queue | Villager (Male) |
| 16:06 | Build | Farm |
| 16:14 | Queue | Archer |
| 16:17 | Build | House |
| 16:23 | Build | Palisade Wall |
| 16:32 | Queue | Villager (Male) |
| 16:33 | Queue | Villager (Male) |
| 16:37 | Build | House |
| 16:38 | Build | Palisade Wall |
| 16:45 | Queue | Archer |
| 16:50 | Queue | Villager (Male) |
| 17:05 | Build | Farm |
| 17:09 | Queue | Villager (Male) |
| 17:12 | Build | Farm |
| 17:21 | Build | Farm |
| 17:33 | Queue | Archer |
| 17:51 | Queue | Villager (Male) |
| 18:00 | Build | Farm |
| 18:04 | Build | Farm |
| 18:10 | Build | Farm |
| 18:48 | Queue | Villager (Male) |
| 19:02 | Build | House |
| 19:04 | Build | Palisade Wall |
| 19:22 | Research | Castle Age |
| 19:35 | Build | Archery Range |
| 19:43 | Research | Padded Archer Armor |
| 19:45 | Queue | Skirmisher |
| 19:45 | Queue | Skirmisher |
| 19:52 | Build | Farm |
| 19:54 | Build | Farm |
| 20:01 | Build | Farm |
| 20:26 | Research | Horse Collar |
| 20:29 | Research | Gold Mining |
| 20:37 | Queue | Skirmisher |
| 20:37 | Queue | Skirmisher |
| 20:37 | Queue | Skirmisher |
| 20:38 | Queue | Skirmisher |
| 20:38 | Queue | Skirmisher |
| 21:29 | Build | Stable |
| 21:35 | Build | Farm |
| 21:36 | Build | Farm |
| 21:39 | Queue | Skirmisher |
| 21:39 | Queue | Skirmisher |
| 21:59 | Build | Palisade Wall |
| 22:02 | Age | Castle Age |
| 22:04 | Build | House |
| 22:08 | Research | Bodkin Arrow |
| 22:10 | Research | Crossbowman (upgrade) |
| 22:15 | Queue | Villager (Male) |
| 22:16 | Queue | Villager (Male) |
| 22:17 | Queue | Villager (Male) |
| 22:24 | Research | Elite Skirmisher (upgrade) |
| 22:26 | Research | Heavy Plow |
| 22:31 | Research | Bow Saw |
| 22:41 | Build | Farm |
| 22:56 | Queue | Skirmisher |
| 22:56 | Queue | Skirmisher |
| 23:01 | Queue | Villager (Male) |
| 23:01 | Queue | Villager (Male) |
Match timeline
| 2:51 | flightlessbird · first_building Barracks |
| 5:58 | Nelson · wall_segment Palisade Wall x1 |
| 6:00 | Nelson · wall_segment Palisade Wall x1 |
| 6:19 | Nelson · wall_segment Palisade Wall x1 |
| 6:21 | Nelson · wall_segment Palisade Wall x1 |
| 8:30 | Nelson · first_building Barracks |
| 8:59 | Nelson · age_up feudal |
| 9:20 | flightlessbird · wall_segment Palisade Wall x12 |
| 9:29 | flightlessbird · wall_segment Palisade Wall x11 |
| 9:50 | flightlessbird · wall_segment Palisade Wall x6 |
| 10:10 | flightlessbird · wall_segment Palisade Wall x1 |
| 10:46 | Nelson · first_building Archery Range |
| 11:31 | flightlessbird · age_up feudal |
| 11:42 | flightlessbird · first_building Archery Range |
| 12:29 | Nelson · wall_segment Palisade Wall x3 |
| 14:59 | Nelson · wall_segment Palisade Wall x1 |
| 15:02 | Nelson · wall_segment Palisade Wall x1 |
| 16:23 | Nelson · wall_segment Palisade Wall x11 |
| 16:38 | Nelson · wall_segment Palisade Wall x20 |
| 19:04 | Nelson · wall_segment Palisade Wall x15 |
| 20:12 | flightlessbird · age_up castle |
| 21:29 | Nelson · first_building Stable |
| 21:41 | flightlessbird · first_building Monastery |
| 21:59 | Nelson · wall_segment Palisade Wall x1 |
| 22:02 | Nelson · age_up castle |
| 22:34 | flightlessbird · first_building Siege Workshop |
| 24:57 | Nelson · first_building Monastery |
| 28:23 | flightlessbird · first_building Stable |
| 28:54 | Nelson · first_building Siege Workshop |
| 31:46 | Nelson · first_market_buy 100 food |
| 32:40 | Nelson · first_building Castle |
| 33:30 | Nelson · wall_segment Palisade Wall x1 |
| 33:30 | Nelson · wall_segment Palisade Wall x2 |
| 33:39 | flightlessbird · first_building Castle |
| 34:54 | flightlessbird · first_market_sell 100 food |
| 34:56 | flightlessbird · first_market_buy 100 stone |
| 35:27 | Nelson · resign |
[ AI ANALYSIS · 1 CREDIT ]
What really happened in this match?
Wolo.gg analyzes every decision: build order, eco, micro, common mistakes by bracket. Personalized analysis on WhatsApp or Discord in 30 seconds.
Civ guide
Romans
Perfil
Jugador #285508